 Dungeon Crawl Stone Soup version 0.31-a0-1005-gfbdfbac (webtiles) character file.

Game seed: 8269659925491377797

60 Partyfoot the Trooper (level 3, 23/29 HPs)
             Began as a Demonspawn Fighter on Nov 11, 2023.
             Quit the game on level 2 of the Dungeon.
             The game lasted 00:04:52 (1708 turns).

Partyfoot the Trooper (Demonspawn Fighter)          Turns: 1708, Time: 00:04:53

Health: 23/29      AC:  6    Str: 18    XL:     3   Next: 80%
Magic:  3/3        EV:  9    Int: 15    God:
Gold:   59         SH:  4    Dex: 12    Spells: 2/2 levels left

rFire   . . .        a - +0 trident
rCold   . . .        c - +0 buckler
rNeg    . . .        b - +0 scale mail
rPois   .            (no helmet)
rElec   .            (no cloak)
rCorr   .            (no gloves)
SInv    .            (no boots)
Will    .....        (no amulet) Stlth
                     i - +6 ring of intelligence
HPRegen 0.24/turn    (no ring)
MPRegen 0.08/turn

%: no passive effects
@: no status effects
A: claws 1
a: no special abilities


You were on level 2 of the Dungeon.
You visited 1 branch of the dungeon, and saw 2 of its levels.

You collected 59 gold pieces.

Inventory:

Hand Weapons
 a - a +0 trident (weapon)
 p - a +0 sling
Missiles
 g - 29 stones
Armour
 b - a +0 scale mail (worn)
 c - a +0 buckler (worn)
 h - a +0 pair of gloves
Jewellery
 i - a +6 ring of intelligence (left claw)
 l - an amulet of magic regeneration
Scrolls
 e - a scroll of amnesia {unknown}
 j - a scroll of identify {unknown}
 q - 2 scrolls of teleportation {unknown}
Potions
 d - a potion of might
 f - a potion of degeneration {unknown}
 k - a potion of attraction {unknown}
 m - a potion of magic {unknown}
 n - 2 potions of cancellation {unknown}
 o - 3 potions of invisibility {unknown}
 r - a potion of heal wounds {unknown}


   Skills:
 + Level 3.5 Fighting
 + Level 2.3 Polearms
 + Level 3.2 Armour
 + Level 3.1 Shields


You had 2 spell levels left.
You didn't know any spells.
Your spell library contained the following spells:

 Spells                   Type           Power      Damage    Failure   Level
 Vhi's Electric Charge    Tloc/Air       0%         N/A       100%        4
 Arcjolt                  Conj/Air       0%         1d10      100%        5
 Plasma Beam              Fire/Air       0%         2x1d10    100%        6


Dungeon Overview and Level Annotations

Branches:
Dungeon (2/15)

Altars:
Wu Jian


Innate Abilities, Weirdness & Mutations

You have sharp fingernails.


Message History

The jackal is severely wounded.
The jackal bites you. The jackal misses you.
You closely miss the jackal.
The jackal is severely wounded.
You block the jackal's attack. The jackal barely misses you.
You closely miss the jackal.
The jackal is severely wounded.
You block the jackal's attack.
You barely miss the jackal.
The jackal is severely wounded.
You block the jackal's attack. The jackal closely misses you.
You hit the jackal but do no damage.
The jackal is severely wounded.
The jackal barely misses you. You block the jackal's attack.
You hit the jackal.
You kill the jackal!
The jackal bites you but does no damage.
You closely miss the jackal. The jackal bites you.
The jackal barely misses you.
You barely miss the jackal. The jackal misses you.
You barely miss the jackal. The jackal bites you. The jackal barely misses you.
You hit the jackal.
You kill the jackal!
The ball python bites you. The ball python grabs you.
The ball python constricts you.
You hit the ball python.
The ball python is moderately wounded.
The ball python bites you but does no damage.
The ball python constricts you.
You puncture the ball python!
You kill the ball python!
The jackal bites you but does no damage.
You barely miss the jackal.
The jackal bites you but does no damage.
You closely miss the jackal.
The jackal bites you but does no damage. x2
You hit the jackal but do no damage. You block the jackal's attack.
The jackal bites you but does no damage.
You barely miss the jackal. The jackal bites you.
Are you sure you want to abandon this character and quit the game? (Confirm with "yes".)

############ ...........#
#######.##.##########
##...#..........# # #
#....[#########.# .#. ##...##
#.# #.# ##.## #.# #.# #.#
########.# #.########## #@#
#........# #.#........###h##
#.#####..# ###.#.######.##...#
#.##.....# #.....##
#.....##.......## #.#.#..####
#.......####.#.##
#.#.......##.........###.†..##
.........##.#........+.......#
#.###...##.##........###....##
#......##.# #.......## #.#.##


You could see a jackal.

Vanquished Creatures
  2 adders (D:2)
  2 bats
  An endoplasm (D:2)
  A giant cockroach (D:1)
  7 goblins
  4 hobgoblins
  7 jackals
  3 kobolds
  3 quokkas
  A ball python (D:2)
  A frilled lizard (D:2)
  3 rats
35 creatures vanquished.

Notes
Turn   | Place    | Note
-------+----------+-------------------------------------------
     0 | D:1      | Partyfoot the Demonspawn Fighter began the quest for the
                  | Orb.
     0 | D:1      | Reached XP level 1. HP: 18/18 MP: 1/1
   278 | D:1      | Gained mutation: You have sharp fingernails. [demonic
                  | ancestry]
   278 | D:1      | Reached XP level 2. HP: 24/24 MP: 2/2
   854 | D:1      | Found a faded altar of an unknown god.
  1120 | D:2      | Reached XP level 3. HP: 29/29 MP: 3/3
  1446 | D:2      | Found an ornate altar of the Wu Jian Council.
  1708 | D:2      | Quit the game

Illustrated notes

Levels and vault maps discovered:
D:1:      scummos_arrival_forest, layout_basic, shapermc_ecumenical_altar_petra
D:2:      layout_loops_corners, basic_altar, amethyst_killhole,
          chequers_serial_rivers_small_a

Skill      XL: |  1  2 |
---------------+-------+-----
Polearms       | 2 |  2.3
Armour         | 3 |  3.2
Shields        | 3 |  3.1
Fighting       | |  3.5

Action                     || total
---------------------------++-------
  Melee: Trident           ||   137
 Armour: Scale mail        ||    92
  Dodge: Dodged            ||    48
  Block: Buckler           ||    31

Table legend: (Time is in decaauts)
 A = Elapsed time spent in this place.
 B = Non-inter-level travel time spent in this place.
 C = Inter-level travel time spent in this place.
 D = Time resting spent in this place.
 E = Time spent auto-exploring this place.
 F = Levels seen in this place.
 G = Mean time per level.
                   A        B        C        D        E       F      G
               +--------+--------+--------+--------+--------+-----+--------+
         Total |   1740 |   1676 |     64 |    146 |   1234 |   2 |  870.0 |
       Dungeon |   1740 |   1676 |     64 |    146 |   1234 |   2 |  870.0 |
               +--------+--------+--------+--------+--------+-----+--------+

Top non-repeatable levels by time:
     D:1: 1022 daAuts
     D:2: 717 daAuts
